 Dungeon Crawl Stone Soup version 0.31-a0-163-gb40cd77e26 (webtiles) character file.

Game seed: 14571227188766856587

20115 qw the Cleaver (level 12, -1/76 HPs)
             Began as a Gargoyle Fighter on June 13, 2023.
             Was a High Priest of Okawaru.
             Slain by a death knight
             ... wielding a +0 battleaxe
              (8 damage)
             ... on level 13 of the Dungeon.
             The game lasted 00:06:05 (11565 turns).

qw the Cleaver (Gargoyle Fighter)                  Turns: 11565, Time: 00:06:05

Health: -1/76      AC: 36    Str: 25    XL:     12   Next: 76%
Magic:  17/19      EV:  6    Int:  9    God:    Okawaru [*****.]
Gold:   612        SH: 10    Dex:  9    Spells: 11/11 levels left

rFire   + . .        Y - +4 war axe
rCold   x . .        s - +0 kite shield
rNeg    + . .        m - +10 plate armour {ponderous}
rPois   inf          r - +2 hat
rElec   +            (no cloak)
rCorr   .            (no gloves)
SInv    .            i - +1 pair of boots
Will    +....        n - amulet of faith Stlth
                     j - ring of willpower
HPRegen 0.32/turn    p - ring "Ycaij" {Fire rElec Slay+4 Stlth-}
MPRegen 0.16/turn

%: faith
@: about to teleport, finesse-ful, slow
A: sickness immunity, AC +8, negative energy resistance 1, electricity
resistance, torment resistance 1, petrification resistance
a: Renounce Religion, Heroism, Finesse, Duel


You were on level 13 of the Dungeon.
You worshipped Okawaru.
Okawaru was extremely pleased with you.
You visited 2 branches of the dungeon, and saw 14 of its levels.
You also visited: Ossuary.

You collected 661 gold pieces.
You spent 49 gold pieces at shops.


Innate Abilities, Weirdness & Mutations

You are immune to sickness and miasma.
Your stone body is resilient. (AC +8)
You are immune to poison.
You resist negative energy. (rN+)
You are resistant to electric shocks. (rElec)
You are resistant to unholy torment.
You are immune to petrification.


   Skills:
 - Level 9.0 Fighting
 - Level 12.1 Axes
 - Level 3.6 Throwing
 - Level 7.0 Armour
 + Level 1.1 Dodging
 - Level 10.1 Shields
 - Level 10.0 Invocations


You had 11 spell levels left.
You didn't know any spells.
Your spell library was empty.

Inventory:

Hand Weapons
 e - a +4 morningstar of freezing
 Y - a +4 war axe (weapon)
Armour
 i - a +1 pair of boots (worn)
 m - a +10 plate armour of ponderousness (worn)
 r - a +2 hat (worn)
 s - a +0 kite shield (worn)
 u - +0 acid dragon scales
Jewellery
 b - an amulet of the acrobat
 j - a ring of willpower (left hand)
 n - an amulet of faith (around neck)
 p - the ring "Ycaij" (right hand) {Fire rElec Slay+4 Stlth-}
   (You found it on level 7 of the Dungeon)

   [ring of fire]

   It enhances your fire magic.
   Slay:      It affects your accuracy & damage with ranged weapons and melee
   (+4).
   rF:        It protects you from fire.
   rC:        It makes you vulnerable to cold.
   rElec:     It insulates you from electricity.
   Stlth:     It makes you less stealthy.
Scrolls
 a - 12 scrolls of identify
 g - 5 scrolls of teleportation
Potions
 c - a potion of resistance
 d - 3 potions of might
 f - 2 potions of haste
 h - 3 potions of attraction
 k - 4 potions of heal wounds
 l - 6 potions of curing
 q - 2 potions of mutation

Dungeon Overview and Level Annotations

Branches:
Dungeon (14/15)            Temple (1/1) D:6            Lair (0/5) D:11
Ossuary (visited)
    Orc: D:9-12      Vaults: D:13-14

Altars:
Ashenzari
Cheibriados
Dithmenos
Elyvilon
Fedhas
Gozag
Hepliaklqana
Kikubaaqudgha
Makhleb
Nemelex Xobeh
Okawaru
Qazlal
Ru
Sif Muna
Trog
Uskayaw
Vehumet
Wu Jian
Xom
Yredelemnul
Zin
The Shining One

Shops:
D:2 [   D:10 *

Portals:
Trove: D:13 (give 6 scrolls of fear)


Message History

The deep elf pyromancer barely misses you.
You hit the deep elf pyromancer.
The deep elf pyromancer is heavily wounded.
You closely miss the fire elemental.
You are covered in liquid flames!
The boulder beetle curls into a ball and begins rolling!
The fire elemental barely misses you.
You slash the deep elf pyromancer!
The deep elf pyromancer is severely wounded.
You hit the fire elemental. You slash the fire elemental!
The deep elf pyromancer gestures at you while chanting.
The bolt of fire hits you but does no damage.
You slash the deep elf pyromancer!
The deep elf pyromancer is almost dead.
You slash the fire elemental! You barely miss the fire elemental.
The fire elemental hits you. You block the fire elemental's attack.
You slice the deep elf pyromancer!!
You kill the deep elf pyromancer!
Okawaru accepts your kill. Okawaru grants you a weapon!
Something appears at your feet!
You see here a +1 broad axe of electrocution.
The fire elemental disappears in a puff of smoke! x2
Your base Axes skill increases to level 12!
The death knight barely misses you.
The death knight hits you but does no damage.
Things that are here:
4 large rocks; a cyclops corpse You hit the death knight.
The death knight is lightly wounded.
The death knight reflects your damage back at you!
You slice the death knight!!
The death knight is moderately wounded.
The death knight reflects your damage back at you!
11565 ||| READING 6 scrolls of teleportation.
As you read the scroll of teleportation, it crumbles to dust.
You feel strangely unstable.
You feel like a meek peon again.
The death knight's dark mirror aura disappears.
The death knight hits you with a +0 battleaxe!
You die...

#. #. #. #. ..
#.. #.#$. #[..
#..#...#..
#...#...#.
#.........
#p#...#...
#.@#0..#e.
###.B)#0..#
#..0%#...#
######.0.#0..#...
#......0.........
#......0.........
#......>.........
##...............
##..............


You could see a death knight and a boulder beetle (rolling).

Vanquished Creatures
  Gastronok (D:10)
  2 hydras
  4 boulder beetles
  A centaur warrior (D:9)
  A two-headed ogre (D:9)
  Nergalle (D:10)
  2 deep elf pyromancers (D:13)
  3 cyclopes
  Joseph (D:7)
  2 gargoyles
  A freezing wraith (D:9)
  A kobold demonologist (D:10)
  A polar bear (shapeshifter) (D:13)
  6 trolls
  2 slime creatures (D:13)
  12 yaks
  A vampire (D:9)
  2 wyverns
  A shadow (D:11)
  9 vampire mosquitoes
  Menkaure (D:7)
  A steam dragon (D:7)
  2 acid dragons
  2 water moccasins (D:11)
  An orc warrior (D:9)
  2 black bears (D:11)
  A sky beast (D:7)
  2 ice beasts
  6 centaurs
  10 bullfrogs
  2 kobold brigands
  2 elf zombies (Ossuary)
  2 gnoll sergeants
  2 scorpions
  6 wights
  6 killer bees
  A howler monkey (D:7)
  3 centaur zombies (Ossuary)
  A lava snake (D:10)
  6 hounds
  7 human zombies (Ossuary)
  7 orc priests
  4 jellies
  A gnoll bouda (D:10)
  5 iguanas
  3 orc wizards (D:6)
  2 sleepcaps (D:5)
  2 centaur simulacra
  3 mummies (Ossuary)
  12 gnolls
  6 adders
  A shadow imp (D:8)
  A white imp (D:5)
  An ufetubus (D:6)
  3 worms
  A dart slug (D:3)
  29 orcs
  9 ball pythons
  9 endoplasms
  5 giant cockroaches
  6 goblins
  7 hobgoblins
  19 jackals
  15 kobolds
  4 quokkas
  8 bats
  4 frilled lizards
  7 rats
294 creatures vanquished.

Notes
Turn   | Place    | Note
-------+----------+-------------------------------------------
     0 | D:1      | qw the Gargoyle Fighter began the quest for the Orb.
     0 | D:1      | Reached XP level 1. HP: 14/14 MP: 1/1
     0 | D:1      | 0 ||| qw: Version: 0.2-a-29-gc1b59c4
     0 | D:1      | 0 ||| qw: Game counter: 4438
     0 | D:1      | 0 ||| qw: Always use a shield: true
     0 | D:1      | 0 ||| qw: God list: Okawaru
     0 | D:1      | 0 ||| qw: Allow faded altars: false
     0 | D:1      | 0 ||| qw: Do Orc after D:15 true
     0 | D:1      | 0 ||| qw: Do second Lair branch before Depths: true
     0 | D:1      | 0 ||| qw: Lair rune preference: random
     0 | D:1      | 0 ||| qw: Plans: Normal, Zot:1-4, Slime:5, God:TSO, Crypt,
                  | Tomb, Abyss, Pan, Hells, Win
     0 | D:1      | 0 ||| PLANNING D:1-11
    37 | D:1      | Reached skill level 2 in Axes
    41 | D:1      | 41 ||| Stepping ~*~*~tactically~*~*~ (stealth).
    42 | D:1      | 42 ||| Stepping ~*~*~tactically~*~*~ (stealth).
    53 | D:1      | Reached XP level 2. HP: 19/19 MP: 2/2
    92 | D:1      | 92 ||| Stepping ~*~*~tactically~*~*~ (stealth).
    93 | D:1      | 93 ||| Stepping ~*~*~tactically~*~*~ (stealth).
   116 | D:1      | 116 ||| FLEEEEING.
   117 | D:1      | 117 ||| FLEEEEING.
   119 | D:1      | 119 ||| FLEEEEING.
   120 | D:1      | 120 ||| FLEEEEING.
   121 | D:1      | 121 ||| FLEEEEING.
   122 | D:1      | 122 ||| FLEEEEING.
   123 | D:1      | 123 ||| FLEEEEING.
   124 | D:1      | 124 ||| FLEEEEING.
   125 | D:1      | 125 ||| FLEEEEING.
   126 | D:1      | 126 ||| FLEEEEING.
   127 | D:1      | 127 ||| FLEEEEING.
   128 | D:1      | 128 ||| FLEEEEING.
   129 | D:1      | 129 ||| FLEEEEING.
   130 | D:1      | 130 ||| FLEEEEING.
   132 | D:1      | 132 ||| FLEEEEING.
   136 | D:1      | 136 ||| FLEEEEING.
   137 | D:1      | 137 ||| FLEEEEING.
   138 | D:1      | 138 ||| FLEEEEING.
   139 | D:1      | 139 ||| FLEEEEING.
   140 | D:1      | 140 ||| FLEEEEING.
   141 | D:1      | 141 ||| FLEEEEING.
   142 | D:1      | 142 ||| FLEEEEING.
   143 | D:1      | 143 ||| FLEEEEING.
   144 | D:1      | 144 ||| FLEEEEING.
   145 | D:1      | 145 ||| FLEEEEING.
   442 | D:1      | Reached skill level 3 in Axes
   711 | D:1      | Reached XP level 3. HP: 20/23 MP: 3/3
   761 | D:1      | 761 ||| Stepping ~*~*~tactically~*~*~ (stealth).
   931 | D:1      | 931 ||| UPGRADING to +0 pair of boots.
   936 | D:1      | 936 ||| UPGRADING to ring of willpower.
   937 | D:1      | 937 ||| READING scroll labelled UHEROA MEGIY.
   938 | D:1      | 938 ||| READING scroll labelled NOARI ORIKK.
  1001 | D:2      | 1001 ||| DROPPING +0 club.
  1006 | D:2      | 1006 ||| DROPPING +0 whip.
  1444 | D:2      | Reached XP level 4. HP: 24/28 MP: 4/4
  1505 | D:2      | Reached skill level 4 in Axes
  1704 | D:2      | Found Poreteit's Armour Shop.
  1712 | D:2      | 1712 ||| BUYING +0 chain mail (49 gold).
  1712 | D:2      | Bought a +0 chain mail for 49 gold pieces
  1712 | D:2      | 1712 ||| SHOPLISTING +0 plate armour of positive energy
                  | (297 gold, have 12).
  1712 | D:2      | 1712 ||| SHOPLISTING +1 kite shield of positive energy (148
                  | gold, have 12).
  1759 | D:2      | 1759 ||| UPGRADING to +0 chain mail.
  1769 | D:2      | 1769 ||| DROPPING +0 scale mail.
  1770 | D:2      | 1770 ||| READING 2 scrolls labelled LEMIVV BIZUGY.
  1771 | D:2      | 1771 ||| READING scroll labelled ASMINNOD DAAMP.
  1792 | D:3      | 1792 ||| STAIRDANCE
  1923 | D:3      | 1923 ||| Stepping ~*~*~tactically~*~*~ (hiding).
  1926 | D:3      | 1926 ||| Stepping ~*~*~tactically~*~*~ (hiding).
  2066 | D:3      | 2066 ||| Stepping ~*~*~tactically~*~*~ (hiding).
  2163 | D:3      | Reached XP level 5. HP: 16/32 MP: 5/5
  2573 | D:3      | 2573 ||| READING scroll labelled ECRIAH ZIEQO.
  2578 | D:3      | 2578 ||| READING scroll labelled FOAJUKKUORR.
  2579 | D:3      | 2579 ||| READING scroll labelled PALEAWARGHO.
  2580 | D:3      | 2580 ||| DRINKING 2 black potions.
  2581 | D:3      | 2581 ||| READING 2 scrolls of identify.
  2581 | D:3      | 2581 ||| IDENTIFYING amethyst potion
  2667 | D:4      | Reached skill level 5 in Axes
  2833 | D:4      | 2833 ||| Stepping ~*~*~tactically~*~*~ (hiding).
  2959 | D:4      | Reached XP level 6. HP: 33/38 MP: 6/6
  2983 | D:4      | 2983 ||| Stepping ~*~*~tactically~*~*~ (hiding).
  2984 | D:4      | 2984 ||| Stepping ~*~*~tactically~*~*~ (hiding).
  2985 | D:4      | 2985 ||| Stepping ~*~*~tactically~*~*~ (hiding).
  3499 | D:4      | 3499 ||| DROPPING +0 war axe of distortion.
  3701 | D:4      | 3701 ||| UPGRADING to amulet of the acrobat.
  3706 | D:4      | 3706 ||| DRINKING 3 glowing ruby potions.
  3707 | D:4      | 3707 ||| DROPPING 2 potions of enlightenment.
  3717 | D:5      | Entered Level 5 of the Dungeon
  3758 | D:5      | Reached skill level 6 in Axes
  3850 | D:5      | Reached skill level 1 in Dodging
  3850 | D:5      | Reached XP level 7. HP: 43/43 MP: 7/7
  4119 | D:5      | 4119 ||| Stepping ~*~*~tactically~*~*~ (stealth).
  4140 | D:5      | 4140 ||| Stepping ~*~*~tactically~*~*~ (hiding).
  4232 | D:5      | Reached skill level 7 in Axes
  4393 | D:5      | 4393 ||| UPGRADING to amulet of faith.
  4403 | D:5      | 4403 ||| DROPPING ring of flight.
  4404 | D:5      | 4404 ||| READING scroll labelled KAOPTASCHIAQU.
  4405 | D:5      | 4405 ||| READING 3 scrolls of identify.
  4405 | D:5      | 4405 ||| IDENTIFYING grey potion
  4468 | D:6      | 4468 ||| Stepping ~*~*~tactically~*~*~ (stealth).
  4604 | D:6      | Found a glowing silver altar of Zin.
  4680 | D:6      | Reached XP level 8. HP: 17/50 MP: 8/8
  4682 | D:6      | HP: 6/50 [iguana (9)]
  4683 | D:6      | 4683 ||| DRINKING potion of heal wounds.
  4697 | D:6      | 4697 ||| FLEEEEING.
  4834 | D:6      | 4834 ||| READING scroll of enchant weapon.
  4834 | D:6      | 4834 ||| ENCHANTING +1 war axe.
  4976 | D:6      | Found a staircase to the Ecumenical Temple.
  4977 | D:6      | 4977 ||| PLANNING TEMPLE
  4998 | D:6      | 4998 ||| READING 2 scrolls labelled CURGHO ICWIU.
  4999 | D:6      | 4999 ||| READING 3 scrolls of identify.
  4999 | D:6      | 4999 ||| IDENTIFYING glowing yellow potion
  5000 | D:6      | 5000 ||| DROPPING scroll of poison.
  5001 | D:6      | 5001 ||| DROPPING potion of degeneration.
  5006 | Temple   | Entered the Ecumenical Temple
  5007 | Temple   | 5007 ||| PLANNING OKAWARU WORSHIP
  5025 | Temple   | Became a worshipper of Warmaster Okawaru
  5025 | Temple   | 5025 ||| PLANNING D:1-11
  5089 | D:6      | Found a white marble altar of Elyvilon.
  5090 | D:6      | 5090 ||| Stepping ~*~*~tactically~*~*~ (hiding).
  5309 | D:6      | 5309 ||| Stepping ~*~*~tactically~*~*~ (stealth).
  5318 | D:6      | Reached skill level 8 in Axes
  5392 | D:6      | Found a glowing golden altar of the Shining One.
  5427 | D:6      | 5427 ||| READING scroll of enchant weapon.
  5427 | D:6      | 5427 ||| ENCHANTING +2 war axe.
  5556 | D:6      | 5556 ||| UPGRADING to +10 plate armour of ponderousness.
  5566 | D:6      | 5566 ||| DROPPING +0 chain mail.
  5567 | D:6      | 5567 ||| READING 3 scrolls of identify.
  5567 | D:6      | 5567 ||| IDENTIFYING bubbling yellow potion
  5568 | D:6      | 5568 ||| DROPPING potion of ambrosia.
  5612 | D:7      | 5612 ||| PLANNING OSSUARY
  5709 | D:7      | 5709 ||| Stepping ~*~*~tactically~*~*~ (stealth).
  5729 | D:7      | 5729 ||| Stepping ~*~*~tactically~*~*~ (stealth).
  5775 | D:7      | Identified the ring "Ycaij" {Fire rElec Slay+4 Stlth-}
  5786 | D:7      | 5786 ||| Stepping ~*~*~tactically~*~*~ (stealth).
  5833 | D:7      | Reached skill level 6 in Fighting
  5881 | D:7      | Reached * piety under Okawaru
  5892 | D:7      | 5892 ||| Stepping ~*~*~tactically~*~*~ (hiding).
  5893 | D:7      | Noticed Menkaure
  5894 | D:7      | 5894 ||| INVOKING Heroism.
  5902 | D:7      | Reached skill level 1 in Invocations
  5905 | D:7      | Killed Menkaure
  5906 | D:7      | 5906 ||| INVOKING Heroism.
  5912 | D:7      | Reached skill level 3 in Invocations
  5912 | D:7      | Reached XP level 9. HP: 24/55 MP: 5/11
  5979 | D:7      | 5979 ||| FLEEEEING.
  5980 | D:7      | 5980 ||| FLEEEEING.
  5981 | D:7      | 5981 ||| FLEEEEING.
  5982 | D:7      | 5982 ||| FLEEEEING.
  5983 | D:7      | 5983 ||| STAIRDANCE
  6016 | D:6      | 6016 ||| DROPPING amulet of magic regeneration.
  6017 | D:6      | 6017 ||| UPGRADING to ring "Ycaij" {Fire rElec Slay+4
                  | Stlth-}.
  6018 | D:6      | 6018 ||| READING scroll labelled GIOKHASHRIE.
  6019 | D:6      | 6019 ||| READING scroll labelled KISTIM SEONYDE.
  6020 | D:6      | 6020 ||| READING scroll labelled TOYMEX MONUOZA.
  6021 | D:6      | 6021 ||| READING scroll labelled ESIURAGREBBI.
  6148 | D:7      | 6148 ||| DROPPING +0 flail.
  6209 | D:7      | 6209 ||| DROPPING +5 flail of freezing.
  6233 | D:7      | 6233 ||| INVOKING Heroism.
  6264 | D:7      | Found a sand-covered staircase.
  6265 | D:7      | 6265 ||| READING 2 scrolls of identify.
  6265 | D:7      | 6265 ||| IDENTIFYING lumpy clear potion
  6275 | Ossuary  | Entered an ossuary
  6308 | Ossuary  | Reached ** piety under Okawaru
  6345 | Ossuary  | Reached skill level 9 in Axes
  6431 | Ossuary  | 6431 ||| DRINKING 3 inky potions.
  6432 | Ossuary  | 6432 ||| READING 6 scrolls of identify.
  6432 | Ossuary  | 6432 ||| IDENTIFYING orange potion
  6433 | Ossuary  | 6433 ||| DROPPING 2 potions of brilliance.
  6446 | D:7      | 6446 ||| PLANNING D:1-11
  6539 | D:7      | Noticed Joseph
  6540 | D:7      | 6540 ||| Stepping ~*~*~tactically~*~*~ (hiding).
  6541 | D:7      | 6541 ||| Stepping ~*~*~tactically~*~*~ (hiding).
  6553 | D:7      | 6553 ||| INVOKING Heroism.
  6554 | D:7      | Killed Joseph
  6702 | D:7      | 6702 ||| INVOKING Heroism.
  6710 | D:7      | Reached *** piety under Okawaru
  6711 | D:7      | Reached skill level 6 in Armour
  6781 | D:7      | 6781 ||| DROPPING +6 ring of intelligence.
  7250 | D:8      | 7250 ||| Stepping ~*~*~tactically~*~*~ (hiding).
  7263 | D:8      | Reached XP level 10. HP: 60/63 MP: 13/13
  7280 | D:8      | 7280 ||| READING scroll of enchant armour.
  7280 | D:8      | 7280 ||| ENCHANTING +0 pair of boots.
  7314 | D:8      | Received a gift from Okawaru
  7374 | D:8      | Found a hide-covered altar of Uskayaw.
  7422 | D:8      | 7422 ||| Stepping ~*~*~tactically~*~*~ (hiding).
  7423 | D:8      | 7423 ||| Stepping ~*~*~tactically~*~*~ (hiding).
  7425 | D:8      | 7425 ||| Stepping ~*~*~tactically~*~*~ (hiding).
  7427 | D:8      | 7427 ||| Stepping ~*~*~tactically~*~*~ (hiding).
  7428 | D:8      | 7428 ||| Stepping ~*~*~tactically~*~*~ (hiding).
  7429 | D:8      | 7429 ||| INVOKING Heroism.
  7434 | D:8      | Reached skill level 1 in Throwing
  7454 | D:8      | 7454 ||| Stepping ~*~*~tactically~*~*~ (stealth).
  7455 | D:8      | 7455 ||| Stepping ~*~*~tactically~*~*~ (stealth).
  7456 | D:8      | 7456 ||| Stepping ~*~*~tactically~*~*~ (stealth).
  7582 | D:8      | Reached skill level 3 in Throwing
  7982 | D:8      | 7982 ||| INVOKING Heroism.
  8174 | D:8      | Found a burning altar of Makhleb.
  8186 | D:8      | 8186 ||| INVOKING Heroism.
  8358 | D:8      | 8358 ||| UPGRADING to +0 kite shield.
  8368 | D:8      | 8368 ||| DROPPING +0 buckler.
  8369 | D:8      | 8369 ||| READING scroll labelled RUOHAY XASAA.
  8436 | D:9      | 8436 ||| Stepping ~*~*~tactically~*~*~ (hiding).
  8440 | D:9      | 8440 ||| Stepping ~*~*~tactically~*~*~ (hiding).
  8551 | D:9      | 8551 ||| Stepping ~*~*~tactically~*~*~ (hiding).
  8552 | D:9      | 8552 ||| INVOKING Heroism.
  8558 | D:9      | Received a gift from Okawaru
  8708 | D:9      | 8708 ||| INVOKING Heroism.
  8928 | D:9      | Noticed a centaur warrior
  8937 | D:9      | Killed a centaur warrior
  9090 | D:9      | 9090 ||| Stepping ~*~*~tactically~*~*~ (hiding).
  9091 | D:9      | 9091 ||| Stepping ~*~*~tactically~*~*~ (hiding).
  9244 | D:9      | Found a sacrificial altar of Ru.
  9258 | D:9      | Reached **** piety under Okawaru
  9419 | D:9      | Noticed a two-headed ogre
  9419 | D:9      | Noticed a boulder beetle
  9420 | D:9      | 9420 ||| Stepping ~*~*~tactically~*~*~ (stealth).
  9421 | D:9      | 9421 ||| INVOKING Heroism.
  9426 | D:9      | Killed a two-headed ogre
  9426 | D:9      | Received a gift from Okawaru
  9443 | D:9      | 9443 ||| INVOKING Heroism.
  9449 | D:9      | Killed a boulder beetle
  9450 | D:9      | Reached skill level 9 in Shields
  9450 | D:9      | Reached XP level 11. HP: 66/67 MP: 11/14
  9495 | D:9      | Noticed a five-headed hydra
  9496 | D:9      | 9496 ||| INVOKING Heroism.
  9500 | D:9      | 9500 ||| SWAPPING to +4 morningstar of freezing.
  9505 | D:9      | Killed a five-headed hydra
  9506 | D:9      | Reached skill level 10 in Axes
  9506 | D:9      | 9506 ||| SWAPPING to +3 war axe.
  9510 | D:9      | Received a gift from Okawaru
  9607 | D:9      | Identified the +8 great sword "Darutob" {venom, rF+ Dex+3
                  | Stlth+}
  9608 | D:9      | 9608 ||| READING 13 scrolls of identify.
  9608 | D:9      | 9608 ||| IDENTIFYING red potion
  9628 | D:10     | Entered Level 10 of the Dungeon
  9632 | D:10     | 9632 ||| STAIRDANCE
  9635 | D:9      | 9635 ||| INVOKING Heroism.
  9743 | D:10     | Noticed Nergalle
  9744 | D:10     | 9744 ||| INVOKING Heroism.
  9747 | D:10     | Noticed Gastronok
  9761 | D:10     | Killed Nergalle
  9763 | D:10     | 9763 ||| INVOKING Heroism.
  9779 | D:10     | Killed Gastronok
  9780 | D:10     | Reached skill level 6 in Invocations
  9861 | D:10     | 9861 ||| FLEEEEING.
  9862 | D:10     | 9862 ||| STAIRDANCE
  9914 | D:10     | 9914 ||| Stepping ~*~*~tactically~*~*~ (stealth).
  9938 | D:10     | 9938 ||| INVOKING Heroism.
  9943 | D:10     | Reached skill level 11 in Axes
  9954 | D:10     | Reached ***** piety under Okawaru
 10008 | D:10     | 10008 ||| INVOKING Heroism.
 10096 | D:10     | 10096 ||| DROPPING +3 war axe.
 10312 | D:10     | Found an opulent altar of Gozag.
 10316 | D:10     | Found Gozag's Platinum Reserve.
 10321 | D:10     | 10321 ||| INVOKING Heroism.
 10328 | D:10     | 10328 ||| Stepping ~*~*~tactically~*~*~ (hiding).
 10329 | D:10     | 10329 ||| Stepping ~*~*~tactically~*~*~ (hiding).
 10330 | D:10     | 10330 ||| Stepping ~*~*~tactically~*~*~ (hiding).
 10331 | D:10     | 10331 ||| Stepping ~*~*~tactically~*~*~ (hiding).
 10483 | D:10     | 10483 ||| SHOPLISTING +0 helmet of the Untouchables
                  | {Rampage Slay+5} (3250 gold, have 553).
 10483 | D:10     | 10483 ||| SHOPLISTING +2 cloak of Pragmatism {Contam
                  | Will+++ Str-4} (3550 gold, have 553).
 10483 | D:10     | 10483 ||| SHOPLISTING +2 ring mail "Ciemiz" {rC++ rCorr}
                  | (4410 gold, have 553).
 10483 | D:10     | 10483 ||| SHOPLISTING ring "Ycvenoit" {rF+ EV+5 Int+5}
                  | (6050 gold, have 553).
 10667 | D:10     | 10667 ||| UPGRADING to +2 hat.
 10686 | D:11     | Noticed a boulder beetle
 10687 | D:11     | 10687 ||| INVOKING Heroism.
 10697 | D:11     | 10697 ||| INVOKING Finesse.
 10706 | D:11     | Killed a boulder beetle
 10707 | D:11     | Reached XP level 12. HP: 54/74 MP: 11/18
 10812 | D:11     | 10812 ||| Stepping ~*~*~tactically~*~*~ (stealth).
 10828 | D:11     | 10828 ||| INVOKING Heroism.
 10950 | D:11     | 10950 ||| Stepping ~*~*~tactically~*~*~ (stealth).
 10954 | D:11     | 10954 ||| Stepping ~*~*~tactically~*~*~ (stealth).
 10967 | D:11     | Found a staircase to the Lair.
 10968 | D:11     | 10968 ||| Stepping ~*~*~tactically~*~*~ (hiding).
 10981 | D:11     | 10981 ||| INVOKING Heroism.
 10986 | D:11     | Received a gift from Okawaru
 11000 | D:11     | 11000 ||| Stepping ~*~*~tactically~*~*~ (stealth).
 11001 | D:11     | 11001 ||| Stepping ~*~*~tactically~*~*~ (stealth).
 11018 | D:11     | 11018 ||| Stepping ~*~*~tactically~*~*~ (stealth).
 11020 | D:11     | 11020 ||| INVOKING Heroism.
 11026 | D:11     | Reached skill level 9 in Invocations
 11088 | D:11     | 11088 ||| Stepping ~*~*~tactically~*~*~ (stealth).
 11175 | D:11     | 11175 ||| Stepping ~*~*~tactically~*~*~ (stealth).
 11178 | D:11     | Reached skill level 9 in Fighting
 11208 | D:11     | You fall into a shaft and drop 3 floors!
 11261 | D:14     | 11261 ||| READING scroll of enchant weapon.
 11261 | D:14     | 11261 ||| ENCHANTING +3 war axe.
 11308 | D:14     | 11308 ||| Stepping ~*~*~tactically~*~*~ (hiding).
 11367 | D:14     | 11367 ||| READING 13 scrolls of identify.
 11367 | D:14     | 11367 ||| IDENTIFYING metallic blue potion
 11368 | D:14     | 11368 ||| DROPPING potion of berserk rage.
 11372 | D:14     | Noticed a boulder beetle
 11373 | D:14     | 11373 ||| INVOKING Heroism.
 11394 | D:14     | Killed a boulder beetle
 11512 | D:13     | Noticed a five-headed hydra
 11512 | D:13     | Found a portal to a secret trove of treasure.
 11513 | D:13     | 11513 ||| INVOKING Heroism.
 11519 | D:13     | 11519 ||| SWAPPING to +4 morningstar of freezing.
 11520 | D:13     | Noticed a boulder beetle
 11523 | D:13     | Killed a five-headed hydra
 11523 | D:13     | Noticed a boulder beetle
 11524 | D:13     | 11524 ||| SWAPPING to +4 war axe.
 11525 | D:13     | 11525 ||| INVOKING Finesse.
 11538 | D:13     | 11538 ||| Stepping ~*~*~tactically~*~*~ (hiding).
 11539 | D:13     | 11539 ||| Stepping ~*~*~tactically~*~*~ (hiding).
 11540 | D:13     | 11540 ||| Stepping ~*~*~tactically~*~*~ (hiding).
 11542 | D:13     | Noticed a death knight
 11553 | D:13     | Killed a boulder beetle
 11561 | D:13     | Received a gift from Okawaru
 11562 | D:13     | Reached skill level 12 in Axes
 11564 | D:13     | HP: 7/76 [mirror damage (18)]
 11565 | D:13     | 11565 ||| READING 6 scrolls of teleportation.
 11565 | D:13     | Slain by a death knight

Levels and vault maps discovered:
D:1:      elethiomel_arrival_quiet, layout_basic
D:2:      layout_basic, serial_shops, shop, minmay_misc_feat_hallway,
          minivault_24
D:3:      layout_basic, serial_bayou_ford_a, kennysheep_doodads
D:4:      layout_cave_pods, kennysheep_generic_room_8
D:5:      layout_cave_pools, hex_large, chequers_big_river
D:6:      layout_cave_pods, mainiacjoe_overflow_cross_hatched,
          nicolae_overflow_hidden_temple, zin_academy,
          minmay_temple_entry_proselytizer, minmay_misc_feat_five,
          moated_statue, dk_noncrumbling_4, kennysheep_dice
D:7:      layout_basic, nicolae_ossuary_entry_ruins, uniq_menkaure, uniq_joseph
D:8:      layout_basic, mainiacjoe_overflow_alcove_1,
          mainiacjoe_overflow_tiny_flanked, small_chamber_with_monster
D:9:      minmay_tri_box, layout_gridville, old_standard_altar
D:10:     layout_cave_pools, nicolae_gozag_zags_fifth_avenue,
          minmay_large_rounded_square, kennysheep_small_spiral, uniq_gastronok,
          uniq_nergalle
D:11:     layout_loops_ring, due_lair_maze_entry_diamond, grunt_decor_arrowhead
D:13:     cheibrodos_fzero, layout_cave_pools, nicolae_trove_entry_free_sample,
          serial_column_ruins, column_ruins_hut, column_ruins_grid_3,
          column_ruins_columns_corner, column_ruins_grid_1,
          column_ruins_columns_corner, column_ruins_grid_1
D:14:     layout_layer_cave, grunt_vaults_entry_tiered,
          dreamdust_princess_corridor, lightli_wizard_tower, uniq_josephine
Temple:   minmay_freezing_vapour_temple

Skill      XL: |  1  2  3  4  5  6  7  8  9 10 11 12 |
---------------+-------------------------------------+-----
Axes           | 2 3 4 5 6 7 8 9 11 12 | 12.1
Fighting       | 4 5 6 7 8 9 |  9.0
Dodging        | 1 |  1.1
Armour         | 5 6 7 |  7.0
Invocations    | 3 4 8 10 | 10.0
Shields        | 4 9 10 | 10.1
Throwing       | 3 |  3.6

Action                     |  1- 3 |  4- 6 |  7- 9 | 10-12 || total
---------------------------+-------+-------+-------+-------++-------
  Melee: War axe           |   113 |   175 |   332 |   353 ||   973
         Morningstar       |       |       |       |     9 ||     9
  Throw: Boomerang         |       |     1 |       |    34 ||    35
         Javelin           |       |       |       |    25 ||    25
 Invoke: Heroism           |       |       |     5 |    20 ||    25
         Finesse           |       |       |       |     2 ||     2
    Use: Scroll            |     2 |     6 |    13 |     6 ||    27
         Potion            |       |     2 |     2 |       ||     4
 Armour: Scale mail        |    54 |    20 |       |       ||    74
         Chain mail        |       |    72 |   100 |       ||   172
         Plate armour      |       |       |   134 |   250 ||   384
  Dodge: Dodged            |    67 |    63 |   119 |    97 ||   346
  Block: Buckler           |    12 |    32 |    56 |     7 ||   107
         Kite shield       |       |       |       |   200 ||   200

Table legend:
 A = Non-vault XP
 B = Vault XP
 C = Vault XP percentage of total XP
 D = Non-vault monster count
 E = Vault monster count
 F = Vault count percentage of total count
                 A         B        C        D         E       F
            +---------+---------+-------+---------+---------+-------
      Total |   14452 |   14285 |  49.7 |     242 |      52 |  17.7
            +---------+---------+-------+---------+---------+-------
        D:1 |      46 |       0 |   0.0 |      28 |       0 |   0.0
        D:2 |      66 |       0 |   0.0 |      26 |       0 |   0.0
        D:3 |     100 |       0 |   0.0 |      27 |       0 |   0.0
        D:4 |     202 |      70 |  25.7 |      22 |       1 |   4.3
        D:5 |     518 |       0 |   0.0 |      22 |       0 |   0.0
        D:6 |     385 |     178 |  31.6 |      18 |       4 |  18.2
        D:7 |    1500 |     647 |  30.1 |      25 |       2 |   7.4
        D:8 |     854 |     296 |  25.7 |      18 |       1 |   5.3
        D:9 |    1890 |    3963 |  67.7 |      19 |       7 |  26.9
       D:10 |    4002 |    2337 |  36.9 |      24 |       2 |   7.7
       D:11 |    3564 |    1278 |  26.4 |      11 |      10 |  47.6
       D:13 |       0 |    4825 | 100.0 |       0 |      10 | 100.0
       D:14 |    1325 |       0 |   0.0 |       2 |       0 |   0.0
    Ossuary |       0 |     691 | 100.0 |       0 |      15 | 100.0
            +---------+---------+-------+---------+---------+-------
